 Dungeon Crawl Stone Soup version 0.22.1-2-g9c5b331383 (webtiles) character file.

1512 Jynx the Jinx (level 8, 0/37 HPs)
             Began as a Spriggan Enchanter on Dec 1, 2018.
             Was an Initiate of Ashenzari.
             Slain by a manticore (21 damage)
             ... on level 6 of the Dungeon.
             The game lasted 00:20:01 (7699 turns).

Jynx the Jinx (Spriggan Enchanter)                  Turns: 7699, Time: 00:20:02

Health: 0/37       AC:  8    Str:  4    XL:     8   Next: 53%
Magic:  16/19      EV: 18    Int: 16    God:    Ashenzari [......]
Gold:   518        SH:  4    Dex: 19    Spells: 11/20 levels left

rFire    . . .     SeeInvis +   a - +2 dagger
rCold    . . .     Gourm    .   (shield restricted)
rNeg     . . .     Faith    .   b - +0 robe
rPois    +         Spirit   .   l - +0 hat
rElec    .         Reflect  .   o - +2 cloak
rCorr    .         Harm     .   (gloves unavailable)
MR       +....                  (boots unavailable)
Stlth    +++.......             (no amulet)
HPRegen  0.12/turn              y - ring of poison resistance
MPRegen  0.16/turn              v - ring of wizardry

@: very quick
A: very small, unfitting armour, large bone plates 1, rugged brown scales 1,
yellow scales 1, see invisible, herbivore, speed 3, slow metabolism 2, wild
magic 1
a: Curse Item, Renounce Religion


You were on level 6 of the Dungeon.
You worshipped Ashenzari.
Ashenzari was noncommittal.
You were hungry.

You visited 2 branches of the dungeon, and saw 11 of its levels.

You collected 518 gold pieces.

Inventory:

Hand Weapons
 a - a +2 dagger (weapon)
Armour
 b - a +0 robe (worn)
 l - a +0 hat (worn)
 o - a +2 cloak (worn)
Jewellery
 v - a ring of wizardry (right hand)
 y - a ring of poison resistance (left hand)
Wands
 r - a wand of iceblast (14)
 u - a wand of flame (41)
Scrolls
 c - 3 scrolls of teleportation
 g - 3 scrolls of remove curse
 h - a scroll of identify
 j - 3 scrolls of fear
 q - 2 scrolls of magic mapping
 C - a scroll of immolation {unknown}
Potions
 e - a potion of resistance
 f - 4 potions of heal wounds
 i - 2 potions of might
 k - a potion of brilliance
 m - 2 potions of haste
 p - a potion of degeneration
 s - a potion of berserk rage {unknown}
 w - a potion of cancellation {unknown}
 z - a potion of curing {unknown}
 A - a potion of flight {unknown}
 B - 3 potions of lignification {unknown}
Comestibles
 d - 10 rations


   Skills:
 + Level 5.8 Short Blades
 - Level 3.0 Dodging
 - Level 4.4 Stealth
 + Level 6.9 Spellcasting
 * Level 9.7 Hexes


You had 11 spell levels left.
You knew the following spells:

 Your Spells              Type           Power        Failure   Level  Hunger
a - Corona                Hex            #####..      1%          1    None
b - Ensorcelled Hibernat  Hex/Ice        ####..       1%          2    None
c - Confuse               Hex            #####...     1%          3    ##.....
d - Tukima's Dance        Hex            #####...     1%          3    ##.....

Your spell library contained the following spells:

 Spells                   Type           Power        Failure   Level  Hunger
 Dazzling Spray           Conj/Hex       ####..       3%          3    ##.....
 Shock                    Conj/Air       #...         8%          1    None
 Swiftness                Chrm/Air       #.......     11%         2    None
 Static Discharge         Conj/Air       #.......     21%         3    ##.....
 Airstrike                Air            #.........   50%         4    ####...
 Lightning Bolt           Conj/Air       #.........   82%         5    #####..


Dungeon Overview and Level Annotations

Branches:
Dungeon (10/15)            Temple (1/1) D:5
   Lair: D:8-11         Orc: D:9-12

Altars:
Ashenzari
Cheibriados
Dithmenos
Elyvilon
Fedhas
Hepliaklqana
Kikubaaqudgha
Makhleb
Nemelex Xobeh
Ru
Sif Muna
Trog
Uskayaw
Vehumet
Xom
Yredelemnul
Zin
The Shining One

Annotations:
D:10 Josephine


Innate Abilities, Weirdness & Mutations

You are very small and have problems with some larger weapons.
You are too small for most types of armour.
You have supernaturally acute eyesight. (SInv)
You are a herbivore.
You cover ground extremely quickly.
You need to consume almost no food.
You are partially covered in large bone plates. (SH +4)
You are partially covered in rugged brown scales. (AC +1, +3% HP)
You are partially covered in yellow scales. (AC +2)
Your spells are a little harder to cast, but a little more powerful.


Message History

The manticore completely misses you.
You hit the manticore.
The manticore is almost dead.
The manticore barely misses you. The manticore closely misses you. x2
Casting: Confuse (safe; 1% risk of failure)
Confirm with . or Enter, or press ? or * to list all spells.
You don't know that spell.
Unknown command.
Casting: Confuse (safe; 1% risk of failure)
Confirm with . or Enter, or press ? or * to list all spells.
Aiming: Confuse (safe; 1% risk of failure)
Press: ? - help, Shift-Dir - straight line, f - manticore
Aim: a manticore (almost dead, chance to defeat MR: 53%)
The manticore appears confused.
You are feeling hungry.
You hit the manticore.
The manticore is almost dead.
The manticore bites you!!
Ouch! That really hurt!
You die...

## ## # ##. ##.
.## ##.. #.. ..#
#.≈≈ #.# ###.#
#≈≈≈ #H#####[#.#
#≈≈.
#@#$##.#..#####≈≈≈
#...#.###.##....≈≈
#.####.#..##.####_
#...#.###.#....###
##$#.#.#..##.#.#
########.#..#.#
#......#)#
#.####.#.# #.#
#.#.#


You could see a manticore (confused).

Vanquished Creatures
  Edmund (D:6)
  An ice beast (D:6)
  An ogre (D:4)
  3 centaurs
  2 bullfrogs
  A water moccasin skeleton (D:4)
  2 scorpions (D:5)
  A howler monkey (D:5)
  2 vampire bats (D:2)
  2 jellies
  2 hounds (D:4)
  An orc priest (D:2)
  A bullfrog skeleton (D:6)
  An iguana (D:5)
  2 orc wizards
  3 worker ants
  A hound skeleton (D:5)
  A worker ant zombie (D:5)
  3 gnolls (D:5)
  10 adders
  An ooze (D:2)
  An adder zombie (D:6)
  2 worms
  3 dart slugs
  5 leopard geckos
  11 orcs
  4 ball pythons
  5 bats
  2 bat skeletons (D:2)
  3 bat zombies (D:2)
  4 giant cockroaches
  6 goblins
  2 hobgoblins
  9 jackals
  2 quokkas
  5 frilled lizards
  5 kobolds
  A quokka zombie (D:5)
  4 rats (D:2)
116 creatures vanquished.

Vanquished Creatures (collateral kills)
  2 orcs
  A jackal (D:3)
3 creatures vanquished.

Grand Total: 119 creatures vanquished

Notes
Turn   | Place    | Note
-------+----------+-------------------------------------------
     0 | D:1      | Jynx the Spriggan Enchanter began the quest for the Orb.
     0 | D:1      | Reached XP level 1. HP: 9/9 MP: 5/5
   658 | D:1      | Reached skill level 4 in Hexes
   774 | D:1      | Reached XP level 2. HP: 8/13 MP: 4/6
  1566 | D:1      | Learned a level 2 spell: Ensorcelled Hibernation
  1863 | D:2      | Reached XP level 3. HP: 8/16 MP: 6/8
  2553 | D:2      | Reached skill level 5 in Hexes
  2553 | D:2      | Reached XP level 4. HP: 9/21 MP: 0/10
  2700 | D:2      | Learned a level 3 spell: Confuse
  3050 | D:2      | Found a shimmering altar of Xom.
  3061 | D:2      | Reached XP level 5. HP: 24/24 MP: 5/11
  3114 | D:2      | Learned a level 3 spell: Tukima's Dance
  3551 | D:2      | Found an ancient bone altar of Kikubaaqudgha.
  3580 | D:2      | Reached skill level 6 in Hexes
  3947 | D:3      | Reached XP level 6. HP: 28/28 MP: 13/13
  4365 | D:3      | Found a radiant altar of Vehumet.
  4587 | D:3      | Found a deep blue altar of Sif Muna.
  4633 | D:3      | Found a shadowy altar of Dithmenos.
  4821 | D:3      | Found a sacrificial altar of Ru.
  5109 | D:4      | Reached skill level 7 in Hexes
  5396 | D:4      | Reached skill level 5 in Spellcasting
  5527 | D:4      | Reached XP level 7. HP: 32/32 MP: 15/15
  5568 | D:4      | Found a blossoming altar of Fedhas.
  5653 | D:5      | Entered Level 5 of the Dungeon
  5848 | D:5      | Found a sparkling altar of Nemelex Xobeh.
  5951 | D:5      | Found a staircase to the Ecumenical Temple.
  6039 | D:5      | You fall through a shaft for 3 floors!
  6039 | D:8      | Noticed a hippogriff
  6062 | D:8      | Found a glowing golden altar of the Shining One.
  6195 | D:7      | Reached skill level 8 in Hexes
  6251 | D:7      | You fall through a shaft for 3 floors!
  6251 | D:10     | Entered Level 10 of the Dungeon
  6270 | D:10     | Noticed a wraith
  6271 | D:10     | Noticed Josephine
  6271 | D:10     | Noticed a wraith
  6272 | D:10     | Noticed a wraith
  6749 | D:6      | Noticed Edmund
  6789 | Temple   | Entered the Ecumenical Temple
  6851 | Temple   | Became a worshipper of Ashenzari the Shackled
  7105 | D:5      | Reached skill level 5 in Short Blades
  7105 | D:5      | Reached XP level 8. HP: 36/36 MP: 18/18
  7300 | D:5      | Gained mutation: You are partially covered in large bone
                  | plates. (SH +4) [potion of mutation]
  7300 | D:5      | Gained mutation: You are partially covered in rugged brown
                  | scales. (AC +1, +3% HP) [potion of mutation]
  7300 | D:5      | Gained mutation: You are partially covered in yellow
                  | scales. (AC +2) [potion of mutation]
  7300 | D:5      | Gained mutation: Your spells are a little harder to cast,
                  | but a little more powerful. [potion of mutation]
  7320 | D:6      | Found a snail-covered altar of Cheibriados.
  7364 | D:6      | Reached skill level 9 in Hexes
  7452 | D:6      | Killed Edmund
  7682 | D:6      | Noticed a manticore
  7699 | D:6      | Slain by a manticore

Skill      XL: |  1  2  3  4  5  6  7  8 |
---------------+-------------------------+-----
Hexes          | 4 5 6 7 8 9 |  9.7
Spellcasting   | 3 4 5 6 |  6.9
Short Blades   | 2 3 4 5 |  5.8
Dodging        | |  3.0
Stealth        | |  4.4

Action                   |  1- 3 |  4- 6 |  7- 9 || total
-------------------------+-------+-------+-------++-------
Melee: Dagger            |   112 |   255 |   208 ||   575
 Cast: Corona            |    20 |     2 |       ||    22
       Ensorcelled Hiber |     9 |    28 |    19 ||    56
       Confuse           |       |     8 |     9 ||    17
       Tukima's Dance    |       |     2 |     1 ||     3
  Use: Scroll            |     4 |     5 |     5 ||    14
       Potion            |       |       |     1 ||     1
 Stab: Sleeping          |    11 |    22 |    22 ||    55
       Confused          |       |     5 |     8 ||    13
  Eat: Ration            |       |     2 |     2 ||     4
Armor: Robe              |    10 |    70 |    25 ||   105
Dodge: Dodged            |    80 |   323 |   130 ||   533
Block: Other             |       |       |     9 ||     9
